 Dungeon Crawl Stone Soup version 0.32-a0-705-g60f233581c (webtiles) character file.

Game seed: 7885997145230252002

5084 seren the Grappler (level 10, -10/71 HPs)
             Began as an Octopode Shapeshifter on Mar 14, 2024.
             Was an Initiate of Gozag.
             Killed from afar by an electric eel (16 damage)
             ... with a bolt of electricity
             ... on level 9 of the Dungeon.
             The game lasted 00:24:26 (9015 turns).

seren the Grappler (Octopode Shapeshifter)          Turns: 9015, Time: 00:24:27

Health: -10/71     AC:  1    Str: 16    XL:     10   Next: 57%
Magic:  10/10      EV: 24    Int: 13    God:    Gozag
Gold:   451        SH:  0    Dex: 13    Spells: 9/9 levels left

rFire   . .          .
                       - Unarmed
rCold   . . .        (shield currently unavailable)
rNeg    . . .        (helmet restricted)
rPois   .            (no amulet)
rElec   .            A - ring of wizardry
rCorr   .            u - +5 ring of evasion
SInv    .            (no ring)
Will    .....        (no ring)
Stlth   ++           (no ring)
HPRegen 0.31/turn    (no ring)
MPRegen 0.12/turn    (no ring)
                     (no ring)

%: wizardry (x1)
@: flux-form, glowing
A: glow, contaminating, almost no armour, amphibious, 8 rings, camouflage 1,
gelatinous body 1, (nimble swimmer 1), tentacles
a: Begin Untransformation, Renounce Religion, Potion Petition, Call Merchant,
Bribe Branch


You were on level 9 of the Dungeon.
You worshipped Gozag.
Gozag was aware of your devotion.
You were something dangerously unstable.
You visited 2 branches of the dungeon, and saw 10 of its levels.

You collected 966 gold pieces.
You spent 409 gold pieces at shops.
You paid 106 gold pieces to Gozag.

Inventory:

Missiles
 i - 5 javelins (quivered)
 m - 2 boomerangs
 p - 6 curare-tipped darts
 G - 2 throwing nets {!f}
Jewellery
 u - a +5 ring of evasion (right tentacle)
 A - a ring of wizardry (left tentacle)
Talismans
 b - a beast talisman
 c - a flux talisman (active)
Wands
 l - a wand of polymorph (6)
 w - a wand of paralysis (1)
 B - a wand of flame (13)
 D - a wand of mindburst (8)
Scrolls
 g - 2 scrolls of amnesia
 j - 2 scrolls of vulnerability
 s - 2 scrolls of fog
 C - a scroll of silence {unknown}
 H - a scroll of identify
 I - a scroll of torment {unknown}
Potions
 a - 2 potions of lignification
 d - 2 potions of ambrosia
 e - a potion of attraction
 f - 2 potions of magic
 h - 2 potions of enlightenment
 k - a potion of resistance
 q - 2 potions of might
 r - a potion of brilliance {unknown}
 t - 3 potions of curing
 z - a potion of haste {unknown}


   Skills:
 + Level 7.1 Fighting
 + Level 7.4 Dodging
 - Level 3.0 Stealth
 + Level 8.0 Unarmed Combat
 - Level 5.0 Evocations
 + Level 7.2 Shapeshifting


You had 9 spell levels left.
You didn't know any spells.
Your spell library contained the following spells:

 Spells                   Type           Power      Damage    Failure   Level
 Blink                    Tloc           0%         N/A       19%         2
 Lesser Beckoning         Tloc           0%         N/A       19%         2
 Momentum Strike          Conj/Tloc      0%         3d8       19%         2
 Dazzling Flash           Conj/Hex       0%         N/A       34%         3
 Gell's Gravitas          Tloc           0%         N/A       34%         3
 Mephitic Cloud           Conj/Alch/Air  0%         N/A       34%         3
 Passwall                 Erth           0%         N/A       34%         3
 Teleport Other           Tloc           0%         N/A       34%         3
 Volatile Blastmotes      Fire/Tloc      0%         2d10      34%         3
 Curse of Agony           Necr           0%         N/A       96%         5
 Silence                  Hex/Air        0%         N/A       96%         5
 Bombard                  Conj/Erth      0%         9d1       100%        6


Dungeon Overview and Level Annotations

Branches:
Dungeon (9/15)             Temple (1/1) D:6            Lair (0/5) D:9
    Orc (0/2) D:9

Altars:
Ashenzari
Cheibriados
Dithmenos
Elyvilon
Fedhas
Gozag
Hepliaklqana
Kikubaaqudgha
Makhleb
Nemelex Xobeh
Okawaru
Qazlal
Ru
Sif Muna
Trog
Uskayaw
Vehumet
Wu Jian
Xom
Yredelemnul
Zin
The Shining One

Shops:
D:7 !?

Annotations:
D:3 Dowan, Duvessa
D:7 exclusion: hornet
D:8 ring in flame


Innate Abilities, Weirdness & Mutations

You are something dangerously unstable.
You glow with magical radiation, making you easy to see and hit.
Foes you strike become dangerously contaminated with magical radiation.
You are incapable of wielding weapons or throwing items.
You cannot wear most types of armour.
You are amphibious.
You can wear up to eight rings at the same time.
Your skin changes colour to match your surroundings (Stealth+).
Your rubbery body absorbs attacks. (AC +1, EV +1)
((You are camouflaged when in or above water. (Stealth+)))
You have tentacles for arms and can constrict up to eight enemies at once.


Message History

The centaur shoots an arrow.
The arrow misses you.
The centaur shoots an arrow.
The arrow completely misses you. The hound bites you.
* * * LOW HITPOINT WARNING * * *
You feel much better. The hound closely misses you.
The centaur enters a dispersal trap!
The hound blinks! x2; The gnoll blinks! x2
The troll blinks!
You blink.
The centaur blinks!
As you read the scroll labelled OMITWE IMMACOM, it crumbles to dust.
You assume a fearsome visage.
The hound looks frightened!
The troll looks frightened!
The hound looks frightened!
The centaur looks frightened!
The gnoll looks frightened!
The gnoll shouts!
The gnoll looks frightened! x2; It was a scroll of fear.
As you read the scroll of revelation, it crumbles to dust.
You feel aware of your surroundings.
The troll prays for help.
An electric eel comes into view.
The centaur begs, "Please!
I have a lot of children!"
The electric eel shoots out a bolt of lightning at you!
The bolt of electricity hits you!
* * * LOW HITPOINT WARNING * * *
The electric eel shoots out a bolt of lightning at you!
The bolt of electricity hits you!
* * * LOW HITPOINT WARNING * * *
Cornered, the gnoll turns to fight!
Cornered, the troll turns to fight!
The gnoll completely misses you.
The gnoll hits you from afar with a +0 halberd!
* * * LOW HITPOINT WARNING * * *
The gnoll completely misses you. The gnoll completely misses you.
Found a pair of runed boots.
The gnoll attacks as it pursues you! The gnoll completely misses you.
Found an escape hatch in the ceiling.
The gnoll attacks as it pursues you! The gnoll closely misses you.
The electric eel shoots out a bolt of lightning at you!
The bolt of electricity misses you.
The electric eel shoots out a bolt of lightning at you!
The bolt of electricity hits you!
You die...
Your body crumbles into a pile of gold.

##....##..~..≈≈~~.~$≈≈≈
##....##....~~≈..~..c~~
##...T##.S~≈!~$~...h.g~
##....##...~≈≈~.,>,,,,,
####..##..~.≈≈~~,,,,~~~
##.#....~≈≈~,~~,~~,~
#.g....≈≈≈~~~~~~~~,
#..#..~~~~~~~~~~~~~
##p#,.~.[≈~~~~~~~~~
#.#,~..~.~~~~~~~,,
#.#,,,..~~~~~~~,,,
**#.#**,,..,,,,,,,,,
*,...,,,,,c,,,,,,,,,
*,...,,,,,,,,,,,,,,,
*,..<,,,,,,,,,,,,,,,
*.....,,,,,,,,,<,,,,
*,,,,,,,,,,,,,,,,,,,


You could see a troll, an electric eel and a gnoll.

Vanquished Creatures
  A two-headed ogre (D:7)
  Maurice (D:7)
  2 wyverns (D:9)
  Grum (D:8)
  A steam dragon (D:8)
  Menkaure (D:7)
  2 water moccasins
  A black bear (D:6)
  2 orc warriors
  2 sky beasts (D:7)
  6 wolves
  4 ogres
  A centaur (D:8)
  2 phantoms
  4 bullfrogs
  4 kobold brigands
  4 scorpions
  3 killer bees (D:8)
  2 howler monkeys
  An electric eel (D:9)
  A bombardier beetle (D:7)
  2 hounds
  4 orc priests
  3 sleepcaps
  An iguana (D:3)
  4 orc wizards
  8 gnolls
  6 adders
  A shadow imp (D:8)
  2 white imps
  2 ribbon worms (D:2)
  4 dart slugs
  23 orcs
  6 ball pythons
  5 bats
  8 endoplasms
  5 giant cockroaches
  8 hobgoblins
  6 jackals
  43 kobolds
  7 quokkas
  6 frilled lizards
  8 goblins
  4 rats
212 creatures vanquished.

Vanquished Creatures (others)
  An orc (D:8)
1 creature vanquished.

Grand Total: 213 creatures vanquished

Notes
Turn   | Place    | Note
-------+----------+-------------------------------------------
     0 | D:1      | seren the Octopode Shapeshifter began the quest for the
                  | Orb.
     0 | D:1      | Reached XP level 1. HP: 13/13 MP: 1/1
   112 | D:1      | Reached XP level 2. HP: 13/18 MP: 2/2
   249 | D:1      | Found a faded altar of an unknown god.
   618 | D:1      | Reached XP level 3. HP: 10/24 MP: 3/3
  1029 | D:2      | Reached XP level 4. HP: 16/29 MP: 4/4
  2218 | D:3      | Reached XP level 5. HP: 27/35 MP: 5/5
  2707 | D:3      | Reached skill level 4 in Unarmed Combat
  2850 | D:4      | You fall into a shaft and drop 2 floors!
  2870 | D:5      | Entered Level 5 of the Dungeon
  2870 | D:5      | Noticed an ogre
  2931 | D:3      | Reached skill level 1 in Stealth
  2931 | D:3      | Reached XP level 6. HP: 14/41 MP: 6/6
  3037 | D:4      | Noticed Duvessa
  3349 | D:4      | Noticed Dowan
  3729 | D:5      | Reached XP level 7. HP: 46/46 MP: 7/7
  4183 | D:5      | Reached skill level 5 in Unarmed Combat
  4400 | D:5      | Reached XP level 8. HP: 54/54 MP: 8/8
  4636 | D:5      | Reached skill level 5 in Shapeshifting
  4890 | D:6      | Noticed Maggie
  5060 | D:6      | Reached skill level 1 in Evocations
  5106 | D:6      | Reached skill level 5 in Dodging
  5353 | D:6      | Found a staircase to the Ecumenical Temple.
  5362 | Temple   | Entered the Ecumenical Temple
  5375 | Temple   | Became a worshipper of Gozag Ym Sagoz the Greedy
  5568 | D:6      | Found a sacrificial altar of Ru.
  5637 | D:6      | Paralysed by Maggie for 4 turns
  5642 | D:6      | Maggie changed into Maggie the howler monkey
  5642 | D:6      | Noticed Maggie
  5644 | D:6      | Killed Maggie the howler monkey
  5776 | D:6      | Found an ornate altar of the Wu Jian Council.
  6044 | D:7      | Found Egayxkoj's Distillery.
  6044 | D:7      | Found Niywaedunk's Magic Scroll Shoppe.
  6047 | D:7      | Bought a potion of heal wounds for 70 gold pieces
  6047 | D:7      | Bought a potion of might for 56 gold pieces
  6047 | D:7      | Bought a potion of curing for 42 gold pieces
  6054 | D:7      | Reached skill level 5 in Fighting
  6061 | D:7      | Bought a scroll of identify for 22 gold pieces
  6061 | D:7      | Bought a scroll of teleportation for 33 gold pieces
  6118 | D:7      | Noticed Maurice
  6384 | D:6      | Reached XP level 9. HP: 53/61 MP: 9/9
  6431 | D:6      | Reached skill level 6 in Unarmed Combat
  6802 | D:7      | Noticed a hornet
  7217 | D:7      | Noticed Menkaure
  7480 | D:8      | Noticed Grum
  7768 | D:7      | Killed Maurice
  7769 | D:7      | Reached skill level 5 in Evocations
  7808 | D:7      | Bought a scroll of blinking for 82 gold pieces
  7808 | D:7      | Bought a scroll of revelation for 82 gold pieces
  7808 | D:7      | Bought a scroll of identify for 22 gold pieces
  7895 | D:7      | Noticed a two-headed ogre
  7900 | D:7      | Killed a two-headed ogre
  7901 | D:7      | Reached skill level 7 in Unarmed Combat
  8043 | D:7      | Killed Menkaure
  8044 | D:7      | Reached XP level 10. HP: 68/68 MP: 10/10
  8436 | D:8      | Killed Grum
  8821 | D:8      | Found a sparkling altar of Nemelex Xobeh.
  8900 | D:8      | Noticed a manticore
  8900 | D:8      | Noticed a green ugly thing
  8901 | D:8      | Noticed a cyclops
  8983 | D:9      | Reached skill level 8 in Unarmed Combat
  9015 | D:9      | Killed from afar by an electric eel

Illustrated notes

Levels and vault maps discovered:
D:1:      amcnicky_arrival_feature_with_door, layout_basic,
          ebering_ecumenical_altar_sacrificial, roderic_nine_men_s_morris
D:2:      layout_basic, grunt_ministairs_15
D:3:      layout_basic
D:4:      layout_cave_pools, minmay_misc_feat_pillars, minivault_11,
          uniq_duvessa
D:5:      layout_loops_corners
D:6:      layout_cave_pools, kennysheep_mini,
          nicolae_ru_great_annihilating_truth, lemuel_temple_firewalk_b,
          serial_library, serial_library_regret_index_branch_corner,
          serial_library_regret_index_double_sided,
          serial_library_hellmonk_statue_hall,
          serial_library_hellmonk_secret_room,
          serial_library_hellmonk_hallway_b,
          serial_library_hellmonk_open_square, uniq_maggie
D:7:      layout_rooms, serial_co_window_serial, co_window_paths_a,
          co_window_of_opportunity_a, co_window_corner_a,
          co_window_of_opportunity_a, co_window_of_opportunity_a,
          co_window_corner_a, co_window_paths_a, co_window_paths_c,
          co_window_of_opportunity_b, co_window_broadway_a, co_window_cross_4,
          co_window_broadway_a, co_window_broadway_c, co_window_paths_e,
          co_window_4corner_b, glass_columns_b, serial_shops, shop,
          nicolae_stop_n_shop_1, uniq_menkaure, uniq_maurice
D:8:      kennysheep_kobold_camp, layout_rooms, nemelex_spade_bored_becter,
          minmay_the_grid_2x2 [minmay_the_grid_medium_cups, minmay_the_grid_x,
          minmay_the_grid_aliased_spiral, minmay_the_grid_prize_four_corners],
          uniq_grum
D:9:      lemuel_ice_spiral_2, layout_rooms, erik_lair_island, david_orc_3
Temple:   compressed_dpeg_triangle_lava_temple

Skill      XL: |  1  2  3  4  5  6  7  8  9 10 |
---------------+-------------------------------+-----
Fighting       | 2 3 4 5 6 7 |  7.1
Dodging        | 3 4 5 6 7 |  7.4
Unarmed Combat | 4 5 7 8 |  8.0
Stealth        | 1 2 3 |  3.0
Shapeshifting  | 4 5 6 7 |  7.2
Evocations     | 3 5 |  5.0

Action                     |  1- 3 |  4- 6 |  7- 9 | 10-12 || total
---------------------------+-------+-------+-------+-------++-------
  Melee: Unarmed           |    57 |   105 |   176 |   115 ||   453
         Constrict         |    16 |    29 |    45 |    27 ||   117
         Tentacles         |     7 |    26 |    43 |    27 ||   103
         Punch             |     1 |     3 |    11 |     1 ||    16
  Evoke: Wand              |       |       |    15 |       ||    15
    Use: Scroll            |       |     3 |     8 |     6 ||    17
         Potion            |       |       |     1 |     3 ||     4
   Stab: Sleeping          |     6 |     4 |     5 |       ||    15
         Paralysed         |       |       |     6 |       ||     6
         Invisible         |       |       |     1 |       ||     1
         Distracted        |       |       |     1 |     1 ||     2
 Armour: Skin              |    27 |    46 |    77 |    63 ||   213
  Dodge: Dodged            |    39 |    72 |   108 |   114 ||   333
   Form: Flux              |       |       |       |     1 ||     1

Table legend: (Time is in decaauts)
 A = Elapsed time spent in this place.
 B = Non-inter-level travel time spent in this place.
 C = Inter-level travel time spent in this place.
 D = Time resting spent in this place.
 E = Time spent auto-exploring this place.
 F = Levels seen in this place.
 G = Mean time per level.
                   A        B        C        D        E       F      G
               +--------+--------+--------+--------+--------+-----+--------+
         Total |   8975 |   8532 |    443 |   1542 |   4672 |  10 |  897.5 |
       Dungeon |   8948 |   8517 |    431 |   1542 |   4672 |   9 |  994.2 |
        Temple |     26 |     14 |     12 |      0 |      0 |   1 |   26.0 |
               +--------+--------+--------+--------+--------+-----+--------+

Top non-repeatable levels by time:
     D:6: 1694 daAuts
     D:7: 1476 daAuts
     D:5: 1346 daAuts
     D:2: 1016 daAuts
     D:3: 1009 daAuts
     D:1: 980 daAuts
     D:8: 805 daAuts
     D:4: 569 daAuts
     D:9: 50 daAuts
  Temple: 26 daAuts
